 Dungeon Crawl Stone Soup version 0.30-a0-586-g23e55c9e0a (webtiles) character file.

Game seed: 105360818083250899

67900 Dirtsage the Fencer (level 14, -22/118 HPs)
             Began as a Demonspawn Brigand on Jan 3, 2023.
             Was the Champion of Makhleb.
             Killed from afar by a blizzard demon (29 damage)
             ... with a freezing blast
             ... summoned by the player character
             ... on level 2 of the Orcish Mines.
             The game lasted 00:47:44 (14767 turns).

Dirtsage the Fencer (Demonspawn Brigand)           Turns: 14767, Time: 00:47:44

Health: -22/118    AC: 10    Str: 12    XL:     14   Next: 84%
Magic:  0/23       EV: 23    Int: 12    God:    Makhleb [******]
Gold:   1943       SH:  0    Dex: 20    Spells: 13/13 levels left

rFire   . . .      SeeInvis .    W - +6 long sword (freeze)
rCold   . . .      Faith    .    (no shield)
rNeg    . . .      Spirit   +    E - +0 troll leather armour {Pargi}
rPois   .          Reflect  .    G - +0 helmet
rElec   .          Harm     .    i - +0 cloak {rCorr}
rCorr   +          Rampage  .    (no gloves)
Will    +....                    v - +0 pair of boots {Stlth+}
Stlth   ++++                     o - amulet of magic regeneration
HPRegen 1.19/turn                p - +4 ring of slaying
MPRegen 0.76/turn                H - +5 ring of evasion

@: no status effects
A: rugged brown scales 3, spiny 1, magic shield, magic regeneration, demonic
touch 2
a: Renounce Religion, Minor Destruction, Lesser Servant of Makhleb, Major
Destruction, Greater Servant of Makhleb


You were on level 2 of the Orcish Mines.
You worshipped Makhleb.
Makhleb was exalted by your worship.
You visited 4 branches of the dungeon, and saw 18 of its levels.

You collected 1943 gold pieces.

Inventory:

Hand Weapons
 c - a +2 vampiric long sword
 j - the +10 dagger "Doom" {heavy, Fly Str+4}
   (You found it on level 10 of the Dungeon)

   It deals dramatically more damage, but attacks with it are much slower.
   Str:       It affects your strength (+4).
   Fly:       It grants you flight.
 O - a +1 scimitar of electrocution
 W - a +6 long sword of freezing (weapon)
 X - a +1 scimitar of freezing
Missiles
 e - 3 curare-tipped darts
 h - 5 javelins (quivered)
 I - 2 atropa-tipped darts
 L - 3 throwing nets
Armour
 f - a +2 chain mail of cold resistance
 i - a +0 cloak of preservation (worn)
 v - a +0 pair of boots of stealth (worn)
 E - a +0 troll leather armour (worn) {Pargi}
 G - a +0 helmet (worn)
 T - +0 acid dragon scales
Jewellery
 o - an amulet of magic regeneration (around neck)
 p - a +4 ring of slaying (left hand)
 F - a ring of protection from fire
 H - a +5 ring of evasion (right hand)
 M - a ring of fire
 N - a ring of positive energy
Wands
 a - a wand of flame (14)
 D - a wand of digging (6)
 U - a wand of polymorph (7)
 V - a wand of mindburst (26)
 Y - a wand of acid (3)
Scrolls
 b - a scroll of immolation
 g - 2 scrolls of fear
 k - 4 scrolls of enchant weapon
 n - 2 scrolls of amnesia
 t - 6 scrolls of teleportation
 w - 4 scrolls of fog
 A - 2 scrolls of butterflies
 C - a scroll of magic mapping
 P - a scroll of noise {unknown}
 Q - 3 scrolls of silence
 R - 4 scrolls of vulnerability
 Z - 2 scrolls of enchant armour {unknown}
Potions
 d - 6 potions of might
 l - 5 potions of heal wounds
 m - 2 potions of invisibility
 q - 6 potions of curing
 r - 6 potions of brilliance {unknown}
 s - 3 potions of cancellation {unknown}
 x - 5 potions of attraction {unknown}
 y - 2 potions of resistance {unknown}
 z - 3 potions of degeneration {unknown}
 J - 2 potions of berserk rage {unknown}
 K - 4 potions of magic {unknown}
 S - 2 potions of flight {unknown}
Miscellaneous
 u - a phial of floods


   Skills:
 + Level 10.6 Fighting
 + Level 9.2(13.3) Short Blades
 - Level 15.2(16.2) Long Blades
 - Level 4.2 Throwing
 - Level 1.0 Armour
 + Level 9.5 Dodging
 - Level 3.6 Stealth
 + Level 13.1 Invocations
 - Level 4.0 Evocations


You had 13 spell levels left.
You didn't know any spells.
Your spell library contained the following spells:

 Spells                   Type           Power      Damage    Failure   Level
 Magic Dart               Conj           0%         1d3       38%         1
 Shock                    Conj/Air       0%         1d3       38%         1
 Blink                    Tloc           0%         N/A       54%         2
 Call Imp                 Summ           0%         N/A       54%         2
 Mephitic Cloud           Conj/Pois/Air  0%         N/A       77%         3
 Swiftness                Air            0%         N/A       77%         3
 Airstrike                Air            0%         2d(0-16)  99%         4
 Leda's Liquefaction      Hex/Erth       0%         N/A       99%         4
 Manifold Assault         Tloc           0%         N/A       99%         4
 Lee's Rapid Deconstruct  Erth           0%         3d4*      100%        5
 Dispersal                Tloc           0%         N/A       100%        6
 Statue Form              Tmut/Erth      0%         N/A       100%        6
 Storm Form               Tmut/Air       0%         N/A       100%        7
 Disjunction              Tloc           0%         N/A       100%        8


Dungeon Overview and Level Annotations

Branches:
Dungeon (10/15)            Temple (1/1) D:7            Lair (5/5) D:10
 Shoals (0/4) Lair:2       Spider (0/4) Lair:3        Slime (0/5) Lair:4
    Orc (2/2) D:10
    Elf: Orc:2

Altars:
Ashenzari
Cheibriados
Dithmenos
Fedhas
Gozag
Hepliaklqana
Kikubaaqudgha
Makhleb
Nemelex Xobeh
Okawaru
Qazlal
Ru
Sif Muna
Trog
Uskayaw
Vehumet
Wu Jian
Xom
Yredelemnul

Shops:
D:4 :

Annotations:
Orc:1 2 transporters, AppleFox63's ghost, journeyman OgIE
Orc:2 Saint Roka


Innate Abilities, Weirdness & Mutations

You are completely covered in rugged brown scales. (AC +3, +7% HP)
You are partially covered in sharp spines.
When hurt, damage is shared between your health and your magic reserves.
You regenerate magic rapidly.
Your touch may inflict irresistible damage on your foes.


Message History

The blizzard demon is heavily wounded.
The blizzard demon hits you.
The blizzard demon completely misses you.
The blizzard demon gestures at you. The freezing blast engulfs you!!
You take 26 damage, and have 76/118 hp.
MASSIVE DAMAGE!!
You now have 18/23 mp.
You slash the blizzard demon!
The blizzard demon is severely wounded.
You are engulfed in freezing vapours.
The blizzard demon is engulfed in freezing vapours.
The blizzard demon waves its arms in wide circles.
The air twists around and strikes you!
You take 18 damage, and have 58/118 hp.
You now have 13/23 mp.
You barely miss the blizzard demon.
The blizzard demon is severely wounded.
You are engulfed in freezing vapours.
You take 10 damage, and have 48/118 hp.
You now have 11/23 mp.
The orc shouts!
You hit the blizzard demon. Your touch misses the blizzard demon.
The blizzard demon is severely wounded.
You are engulfed in freezing vapours.
You hear a shout! x3
The blizzard demon is engulfed in freezing vapours.
The blizzard demon is struck by your spines.
The blizzard demon misses you.
The blizzard demon completely misses you.
The blizzard demon is engulfed in freezing vapours.
The blizzard demon gestures at you. The bolt of lightning hits you!!
* * * LOW HITPOINT WARNING * * *
Saint Roka shouts!
You hear a shout! x9
You take 31 damage, and have 17/118 hp.
MASSIVE DAMAGE!!
You now have 3/23 mp.
You slash the blizzard demon!
The blizzard demon is almost dead.
You are engulfed in freezing vapours.
* * * LOW HITPOINT WARNING * * *
The blizzard demon is engulfed in freezing vapours.
The blizzard demon gestures at you. The freezing blast engulfs you!!
You die...

#)# ##. ##.o. #[# ##..
#8.oo ##[# ##... # ....
###..#######....
..##''o##.......##.#....
#................#......
#...8.8.........###.....
......2☼☼........###....
..#..☼@2........###.#..
......○○☼☼......[.#.[[..
.........).....).)).[#..
.........).#.#..).)..##.
....##....#.#.[....[####
....#...........##.##
..........)..[######
.............(.### #
..#####..#.....###.###


You could see Saint Roka, 2 blizzard demons, an orc priest and 2 orcs.

Vanquished Creatures
  2 orc warlords
  Nessos (Orc:2)
  The ghost of mrw0lf the Nimble, a journeyman GnHs of Gozag (Lair:4)
  Erolcha (D:9)
  5 hydras
  A merfolk avatar (Lair:5)
  3 boulder beetles
  6 two-headed ogres
  3 death yaks (Lair:5)
  An orc high priest (Orc:2)
  Urug (D:10)
  Amaemon (Lair:3)
  Nergalle (Lair:3)
  A sea snake (Lair:5)
  Lodul (D:10)
  2 harpies (Lair:5)
  A wolf spider (D:10)
  2 orc knights
  3 orc sorcerers (Orc:2)
  A manticore (D:10)
  2 ugly things
  3 cyclopes
  A torpor snail (Lair:4)
  A guardian serpent (shapeshifter) (D:10)
  12 elephants
  An eye of devastation (Lair:4)
  7 black mambas
  8 cane toads
  A gargoyle (D:10)
  An orange demon (Lair:3)
  An unseen horror (D:10)
  4 rime drakes
  Maggie (D:6)
  8 komodo dragons
  4 polar bears
  7 trolls
  A tarantella (shapeshifter) (D:10)
  5 hornets
  2 wind drakes (Lair:5)
  2 blink frogs (Lair:5)
  Grinder (D:3)
  4 dream sheep (Lair:4)
  Sigmund (D:2)
  4 snapping turtles
  A shadow (D:10)
  72 yaks
  2 spriggans (Lair:4)
  4 wyverns
  2 humans (D:9)
  3 basilisks
  2 steam dragons
  Edmund (D:6)
  5 wargs
  2 acid dragons
  12 water moccasins
  Duvessa (D:5)
  A floating eye (Lair:4)
  2 sky beasts
  32 orc warriors
  An ice beast (D:5)
  Pargi (D:3)
  2 black bears
  12 ogres
  A boggart (Lair:4)
  3 centaurs
  10 wolves
  2 kobold brigands
  19 bullfrogs
  A necrophage (D:5)
  4 scorpions
  A gnoll sergeant (D:10)
  5 wights (D:9)
  Dowan (D:5)
  4 howler monkeys
  13 orc priests
  3 gnoll boudas
  A hound (D:6)
  Ijyb (D:4)
  19 orc wizards
  3 iguanas
  Natasha (thrice) (D:2)
  17 gnolls
  6 adders
  A shadow imp (D:5)
  A worm (D:3)
  5 dart slugs
  65 orcs
  7 endoplasms
  3 giant cockroaches
  8 goblins
  6 hobgoblins
  6 jackals
  33 kobolds
  2 quokkas (D:1)
  8 ball pythons
  4 bats
  2 frilled lizards
  4 rats
550 creatures vanquished.

Vanquished Creatures (collateral kills)
  A centaur warrior (D:10)
  A yaktaur (D:10)
  3 orc warriors
  3 ogres (D:10)
  An orc wizard (Orc:2)
9 creatures vanquished.

Vanquished Creatures (others)
  An orc wizard (D:4)
  A fungus (Lair:2)
  25 plants
27 creatures vanquished.

Grand Total: 586 creatures vanquished

Notes
Turn   | Place    | Note
-------+----------+-------------------------------------------
     0 | D:1      | Dirtsage the Demonspawn Brigand began the quest for the
                  | Orb.
     0 | D:1      | Reached XP level 1. HP: 16/16 MP: 1/1
    71 | D:1      | Reached skill level 1 in Long Blades
   158 | D:1      | Gained mutation: You regenerate magic rapidly. [demonic
                  | ancestry]
   158 | D:1      | Reached XP level 2. HP: 21/22 MP: 2/2
   486 | D:1      | Reached skill level 2 in Long Blades
  1112 | D:2      | Gained mutation: You are partially covered in rugged brown
                  | scales. (AC +1, +3% HP) [demonic ancestry]
  1112 | D:2      | Reached XP level 3. HP: 22/27 MP: 3/3
  1335 | D:2      | Noticed Natasha
  1339 | D:2      | Killed Natasha
  1340 | D:2      | Reached skill level 3 in Long Blades
  1340 | D:2      | Gained mutation: Your touch may inflict minor irresistible
                  | damage on your foes. [demonic ancestry]
  1340 | D:2      | Reached XP level 4. HP: 24/33 MP: 4/4
  1390 | D:2      | Noticed Sigmund
  1398 | D:2      | Killed Sigmund
  1399 | D:2      | Reached skill level 5 in Long Blades
  1399 | D:2      | Reached XP level 5. HP: 21/39 MP: 5/5
  1466 | D:2      | Noticed Natasha
  1469 | D:2      | Killed Natasha
  1470 | D:2      | Gained mutation: When hurt, damage is shared between your
                  | health and your magic reserves. [demonic ancestry]
  1470 | D:2      | Reached XP level 6. HP: 45/45 MP: 6/6
  1544 | D:2      | Noticed Natasha
  1550 | D:2      | Killed Natasha
  1893 | D:3      | Noticed Grinder
  1900 | D:3      | Paralysed by Grinder for 2 turns
  1917 | D:3      | Killed Grinder
  1918 | D:3      | Reached skill level 6 in Long Blades
  2072 | D:3      | Gained mutation: You are partially covered in sharp spines.
                  | [demonic ancestry]
  2072 | D:3      | Reached XP level 7. HP: 51/51 MP: 7/7
  2183 | D:3      | Reached skill level 7 in Long Blades
  2313 | D:3      | Found a sparkling altar of Nemelex Xobeh.
  2444 | D:3      | Found a hazy altar of Hepliaklqana.
  2487 | D:4      | Noticed Ijyb
  2498 | D:4      | Found a burning altar of Makhleb.
  2505 | D:4      | Noticed Pargi
  2638 | D:3      | Killed Pargi
  2659 | D:4      | Killed Ijyb
  2765 | D:4      | Became a worshipper of Makhleb the Destroyer
  2791 | D:4      | Reached skill level 1 in Dodging
  2803 | D:4      | Found Lietu's Book Boutique.
  2850 | D:4      | Found a bloodstained altar of Trog.
  3134 | D:5      | Entered Level 5 of the Dungeon
  3218 | D:5      | Reached XP level 8. HP: 57/57 MP: 8/8
  3308 | D:5      | Reached * piety under Makhleb
  3309 | D:5      | Reached skill level 1 in Armour
  3309 | D:5      | Reached skill level 1 in Invocations
  3309 | D:5      | Reached skill level 1 in Evocations
  3320 | D:5      | Noticed Duvessa
  3323 | D:5      | Noticed Dowan
  3332 | D:5      | Killed Dowan
  3332 | D:5      | Killed Duvessa
  3333 | D:5      | Reached skill level 8 in Long Blades
  4174 | D:6      | Reached ** piety under Makhleb
  4366 | D:6      | Noticed Maggie
  4380 | D:6      | Killed Maggie
  4381 | D:6      | Reached XP level 9. HP: 56/65 MP: 11/11
  4571 | D:6      | Noticed Edmund
  4583 | D:6      | Killed Edmund
  4852 | D:7      | Found a staircase to the Ecumenical Temple.
  4870 | Temple   | Entered the Ecumenical Temple
  4971 | D:7      | Reached skill level 9 in Long Blades
  5035 | D:7      | Found a sacrificial altar of Ru.
  5725 | D:8      | Reached skill level 5 in Invocations
  5734 | D:8      | Gained mutation: You are mostly covered in rugged brown
                  | scales. (AC +2, +5% HP) [demonic ancestry]
  5734 | D:8      | Reached XP level 10. HP: 67/76 MP: 13/13
  5815 | D:8      | Reached *** piety under Makhleb
  6084 | D:8      | Noticed a two-headed ogre
  6090 | D:8      | Killed a two-headed ogre
  6091 | D:8      | Reached skill level 5 in Fighting
  6511 | D:9      | Reached skill level 10 in Long Blades
  6845 | D:9      | Noticed Erolcha
  6853 | D:9      | Killed Erolcha
  7103 | D:9      | Found an iron altar of Okawaru.
  7180 | D:9      | Noticed a green ugly thing
  7188 | D:9      | Killed a green ugly thing
  7448 | D:9      | Noticed a two-headed ogre
  7473 | D:9      | Killed a two-headed ogre
  7474 | D:9      | Reached skill level 5 in Dodging
  7686 | D:9      | Gained mutation: You are completely covered in rugged brown
                  | scales. (AC +3, +7% HP) [demonic ancestry]
  7686 | D:9      | Reached XP level 11. HP: 79/86 MP: 16/16
  7749 | D:10     | Entered Level 10 of the Dungeon
  7760 | D:10     | Found a staircase to the Orcish Mines.
  7961 | D:10     | Noticed a two-headed ogre
  7969 | D:10     | Killed a two-headed ogre
  7970 | D:10     | Reached skill level 11 in Long Blades
  7997 | D:10     | Noticed a boulder beetle
  8014 | D:10     | Killed a boulder beetle
  8018 | D:10     | Noticed a wolf spider
  8019 | D:10     | Noticed a two-headed ogre
  8044 | D:10     | Killed a two-headed ogre
  8045 | D:10     | Reached skill level 5 in Short Blades
  8058 | D:10     | Noticed a two-headed ogre
  8068 | D:10     | Killed a two-headed ogre
  8079 | D:10     | Noticed a white ugly thing
  8085 | D:10     | Reached **** piety under Makhleb
  8091 | D:10     | Killed a white ugly thing
  8116 | D:10     | Noticed a centaur warrior
  8123 | D:10     | Killed a centaur warrior
  8152 | D:10     | Identified the +10 dagger "Doom" {heavy, Fly Str+4}
  8152 | D:10     | Identified the +5 quarterstaff of the Sun {antimagic, rC-
                  | rCorr Int+5}
  8215 | D:10     | Gained mutation: Your touch may inflict irresistible damage
                  | on your foes. [demonic ancestry]
  8215 | D:10     | Reached XP level 12. HP: 91/97 MP: 16/18
  8235 | D:10     | Found a staircase to the Lair.
  8235 | D:10     | Noticed a two-headed ogre
  8238 | D:10     | Noticed Urug
  8242 | D:10     | Noticed Lodul
  8250 | D:10     | Killed Urug
  8251 | D:10     | Reached skill level 12 in Long Blades
  8267 | D:10     | Killed Lodul
  8325 | D:10     | Killed a two-headed ogre
  8600 | D:10     | Identified the +10 mace of Fundamental Breach {elec, rF+
                  | rN+}
  8673 | Lair:1   | Entered Level 1 of the Lair of Beasts
  8673 | Lair:1   | Noticed a four-headed hydra
  8679 | Lair:1   | Killed a four-headed hydra
  8703 | Lair:1   | Noticed a boulder beetle
  8726 | Lair:1   | Killed a boulder beetle
  9652 | Lair:2   | Reached skill level 10 in Invocations
  9667 | Lair:2   | Reached ***** piety under Makhleb
  9761 | Lair:2   | Noticed a boulder beetle
  9771 | Lair:2   | Killed a boulder beetle
  9887 | Lair:2   | Reached skill level 13 in Long Blades
  9901 | Lair:2   | Found a shimmering blue altar of Sif Muna.
 10034 | Lair:2   | Reached XP level 13. HP: 64/105 MP: 14/20
 10256 | Lair:2   | Found a staircase to the Shoals.
 10330 | Lair:3   | Noticed Nergalle
 10338 | Lair:3   | Killed Nergalle
 10456 | Lair:3   | Found a hole to the Spider Nest.
 10988 | Lair:3   | Noticed Amaemon
 10998 | Lair:3   | Killed Amaemon
 11379 | Lair:4   | Reached skill level 14 in Long Blades
 11430 | Lair:4   | Found a runed translucent door.
 11432 | Lair:4   | Noticed mrw0lf's ghost (journeyman GnHs)
 11434 | Lair:4   | Identified the +3 trident "Udanokil" {drain, Drain rC+ rN+
                  | Dex+2}
 11800 | Lair:4   | Found a staircase to the Slime Pits.
 12170 | Lair:4   | Killed mrw0lf's ghost
 12248 | Lair:5   | Entered Level 5 of the Lair of Beasts
 12262 | Lair:5   | Reached XP level 14. HP: 74/104 MP: 14/23
 12695 | Lair:5   | Reached ****** piety under Makhleb
 12746 | Lair:5   | Reached skill level 10 in Fighting
 13405 | Orc:1    | Entered Level 1 of the Orcish Mines
 13405 | Orc:1    | Noticed an orc warlord
 13498 | D:10     | Killed an orc warlord
 13670 | Orc:1    | Noticed an orc warlord
 13675 | Orc:1    | Reached skill level 15 in Long Blades
 13695 | Orc:1    | Killed an orc warlord
 13901 | Orc:1    | You fall into a shaft and drop 1 floor!
 13901 | Orc:2    | Entered Level 2 of the Orcish Mines
 13934 | Orc:2    | Noticed Nessos
 13991 | Orc:2    | Killed Nessos
 14044 | Orc:2    | Paralysed by an orc sorcerer for 2 turns
 14058 | Orc:2    | Noticed Saint Roka
 14075 | Orc:2    | Paralysed by an orc sorcerer for 4 turns
 14401 | Orc:2    | HP: 3/118 [soul eater[an orc high priest] (14)]
 14507 | Orc:1    | Found a transporter.
 14517 | Orc:1    | Found a bloodstained altar of Trog.
 14517 | Orc:1    | Noticed AppleFox63's ghost (journeyman OgIE)
 14533 | Orc:1    | Found a transporter.
 14767 | Orc:2    | Killed from afar by a blizzard demon

Illustrated notes

Levels and vault maps discovered:
D:1:      spicycebolla_arrival_risky_transporter, layout_loops_corners,
          serial_forest, infiniplex_forest_lined_corner,
          infiniplex_forest_lined_2, infiniplex_forest_corner_1,
          infiniplex_forest_corner_1, infiniplex_forest_clump_small,
          infiniplex_forest_clump_tiny, infiniplex_forest_clump_long,
          minmay_tall_x
D:2:      layout_basic, uniq_natasha, uniq_sigmund
D:3:      layout_rooms, marbit_many_paths, mainiacjoe_overflow_alcove_1,
          uniq_grinder
D:4:      layout_rooms, mainiacjoe_overflow_catwalk, lightli_temple_of_fire,
          serial_shops, shop_fountains, uniq_pargi, uniq_ijyb
D:5:      kennysheep_kobold_camp, layout_basic, uniq_duvessa
D:6:      layout_basic, mainiacjoe_overflow_paths,
          eino_small_chamber_without_monster, uniq_maggie, uniq_edmund
D:7:      layout_loops_ring, nicolae_ru_great_annihilating_truth,
          minmay_temple_entry_slanted
D:8:      layout_loops_corners, hex_medium
D:9:      layout_layer_cave, okawaru_humans, minmay_puff, uniq_erolcha
D:10:     minmay_the_grid_four_pointed_star
          [minmay_the_grid_triangle_9x9_checkered,
          minmay_the_grid_triangle_9x9_wacky_v,
          minmay_the_grid_triangle_9x9_steps,
          minmay_the_grid_triangle_9x9_skeleton,
          minmay_the_grid_prize_shrinking_boxes], layout_irregular_city,
          orc_0_dummy, uniq_lodul, uniq_urug
Temple:   minmay_freezing_vapour_temple
Lair:1:   layout_cave_pods
Lair:2:   gammafunk_indiana_jones, layout_concentric_octagons,
          minmay_shoals_entry_hut, basic_altar, serial_bayou_shore_b
Lair:3:   layout_cave_pods, spider_nest_entry_web_field, beast_lair_carwin_7,
          uniq_nergalle, uniq_amaemon
Lair:4:   layout_hall_layers, minmay_slime_entry_eyes,
          ebering_ghost_funeral_grove, serial_bayou_shore_b
Lair:5:   gammafunk_lair_ancient_temple, layout_regular_city,
          grunt_megastairs_1, serial_bayou_shore_b
Orc:1:    layout_caves, gammafunk_ghost_wrathful_warriors
Orc:2:    grunt_orc_community_town_hall, layout_diamond_mine,
          grunt_orc_community_big_house_2, grunt_orc_community_big_house_1,
          grunt_orc_community_house_1, grunt_orc_community_house_1,
          grunt_orc_community_house_2, grunt_orc_community_house_3,
          nicolae_orc_rockfall, uniq_nessos

Skill      XL: |  1  2  3  4  5  6  7  8  9 10 11 12 13 14 |
---------------+-------------------------------------------+-----
Long Blades    | 1 2 3 5 6 7 8 9 10 11 13 14 15 | 15.2
Dodging        | 1 2 3 5 6 7 8 9 |  9.5
Throwing       | 2 3 4 |  4.2
Armour         | 1 |  1.0
Invocations    | 3 5 7 8 10 12 13 | 13.1
Evocations     | 2 4 |  4.0
Fighting       | 3 4 6 7 8 9 10 | 10.6
Short Blades   | 2 4 5 7 8 9 |  9.2
Stealth        | |  3.6

Action                   |  1- 3 |  4- 6 |  7- 9 | 10-12 | 13-15 || total
-------------------------+-------+-------+-------+-------+-------++-------
Melee: Dagger            |    81 |    46 |    59 |     5 |    40 ||   231
       Touch             |       |    12 |    53 |    95 |   157 ||   317
       Punch             |       |     1 |     4 |     6 |    11 ||    22
       Rapier            |       |       |   148 |       |       ||   148
       Scimitar          |       |       |    56 |    75 |       ||   131
       Long sword        |       |       |       |   294 |   637 ||   931
Throw: Dart              |       |     3 |     2 |     4 |     1 ||    10
Invok: Lesser Servant of |       |       |       |     1 |     2 ||     3
       Greater Servant o |       |       |       |       |     5 ||     5
Evoke: Wand              |       |       |     4 |     1 |       ||     5
       Phial of floods   |       |       |       |     1 |       ||     1
  Use: Scroll            |       |       |     3 |    12 |     8 ||    23
       Potion            |       |       |       |     1 |     6 ||     7
 Stab: Sleeping          |     5 |     1 |    14 |     3 |     7 ||    30
       Distracted        |       |       |       |       |     4 ||     4
Armor: Robe              |    19 |     2 |    10 |       |       ||    31
       Troll leather arm |       |       |    40 |    62 |    99 ||   201
Dodge: Dodged            |    50 |    12 |   129 |   240 |   575 ||  1006

Table legend: (Time is in decaauts)
 A = Elapsed time spent in this place.
 B = Non-inter-level travel time spent in this place.
 C = Inter-level travel time spent in this place.
 D = Time resting spent in this place.
 E = Time spent auto-exploring this place.
 F = Levels seen in this place.
 G = Mean time per level.
                   A        B        C        D        E       F      G
               +--------+--------+--------+--------+--------+-----+--------+
         Total |  14506 |  13998 |    508 |    261 |  10689 |  18 |  805.9 |
       Dungeon |   8698 |   8368 |    330 |    168 |   6613 |  10 |  869.8 |
        Temple |      1 |      1 |      0 |      0 |      0 |   1 |    1.0 |
          Lair |   4619 |   4451 |    168 |      0 |   3452 |   5 |  923.8 |
  Orcish Mines |   1187 |   1177 |     10 |     93 |    624 |   2 |  593.5 |
               +--------+--------+--------+--------+--------+-----+--------+

Top non-repeatable levels by time:
     D:9: 1241 daAuts
  Lair:5: 1099 daAuts
     D:1: 1098 daAuts
    D:10: 1012 daAuts
  Lair:3: 987 daAuts
     D:5: 953 daAuts
  Lair:1: 919 daAuts
  Lair:4: 893 daAuts
     D:8: 869 daAuts
     D:2: 780 daAuts
     D:7: 767 daAuts
     D:6: 754 daAuts
  Lair:2: 719 daAuts
     D:3: 713 daAuts
   Orc:1: 617 daAuts
